 Dungeon Crawl Stone Soup version 0.29.1-2-gbd0b4ee654 (webtiles) character file.

Game seed: 16463429692060171210

79 croobank the Conjurer (level 4, -3/32 HPs)
             Began as a Demonspawn Conjurer on Oct 28, 2022.
             Killed from afar by Ijyb (13 damage)
             ... with a bolt of dispelling energy
             ... on level 3 of the Dungeon.
             The game lasted 00:08:44 (2437 turns).

croobank the Conjurer (Demonspawn Conjurer)         Turns: 2437, Time: 00:08:44

Health: -3/32      AC:  4    Str:  7    XL:     4   Next: 16%
Magic:  2/7        EV: 12    Int: 22    God:
Gold:   53         SH:  0    Dex: 11    Spells: 2/8 levels left

rFire   . . .      SeeInvis .   k - +0 short sword
rCold   . . .      Faith    .   (no shield)
rNeg    . . .      Spirit   .   a - +1 robe
rPois   .          Reflect  .   h - +0 helmet
rElec   .          Harm     .   (no cloak)
rCorr   .          Rampage  .   (no gloves)
Will    .....                   (no boots)
Stlth   ++........              (no amulet)
HPRegen 0.10/turn               (no ring)
MPRegen 0.10/turn               (no ring)

@: no status effects
A: demonic magic 1
a: no special abilities


You were on level 3 of the Dungeon.
You visited 1 branch of the dungeon, and saw 3 of its levels.

You collected 53 gold pieces.

Inventory:

Hand Weapons
 e - a +0 spear
 i - a +1 war axe
 k - a +0 short sword (weapon)
 l - a +0 sling
Missiles
 f - 17 stones
Armour
 a - a +1 robe (worn)
 h - a +0 helmet (worn)
 n - a +0 ring mail
Scrolls
 g - a scroll of teleportation
 j - a scroll of immolation
Potions
 b - a potion of magic
 d - a potion of flight {unknown}
 p - 2 potions of lignification
 q - a potion of attraction {unknown}


   Skills:
 + Level 1.2 Fighting
 + Level 2.3 Dodging
 + Level 2.5 Stealth
 + Level 2.5 Spellcasting
 + Level 4.3 Conjurations


You had 2 spell levels left.
You knew the following spells:

 Your Spells              Type           Power      Damage    Failure   Level
a - Magic Dart            Conj           88%        1d7       2%          1
b - Searing Ray           Conj           44%        2d6       3%          2
c - Dazzling Flash        Conj/Hex       24%        N/A       16%         3

Your spell library contained the following spells:

 Spells                   Type           Power      Damage    Failure   Level
 Fulminant Prism          Conj/Hex       6%         3d7       45%         4
 Iskenderun's Mystic Bla  Conj/Tloc      12%        2d5       45%         4
 Alistair's Intoxication  Tmut/Pois      1%         N/A       98%         5
 Borgnjor's Vile Clutch   Necr/Erth      1%         N/A       98%         5
 Eringya's Noxious Bog    Tmut/Pois      1%         N/A       100%        6


Dungeon Overview and Level Annotations

Branches:
Dungeon (3/15)

Altars:
Xom

Shops:
D:2 [

Annotations:
D:2 1 runed translucent door, Crazy Yiuf
D:3 Ijyb


Innate Abilities, Weirdness & Mutations

Spells you cast may paralyse adjacent enemies.


Message History

The helpless Ijyb fails to defend herself.
You puncture Ijyb!
Ijyb is severely wounded.
The helpless Ijyb fails to defend herself.
You hit Ijyb but do no damage.
Ijyb is severely wounded.
Ijyb is no longer paralysed.
Ijyb barely misses you.
You barely miss Ijyb.
Ijyb is severely wounded.
The rat misses you.
Ijyb hits you with a +7 dagger of electrocution.
You are electrocuted!!
Ouch! That really hurt!
Okay, then.
Casting: Dazzling Flash (quite dangerous; 16% risk of failure)
Confirm with . or Enter, or press ? or * to list all spells.
Casting: Dazzling Flash (quite dangerous; 16% risk of failure)
Press: ? - help, Dir - look around, f - activate Ijyb is dazzled.
Malevolent energies surge around you.
Ijyb suddenly stops moving!
The rat bites you.
The helpless Ijyb fails to defend herself.
You hit Ijyb but do no damage.
Ijyb is severely wounded.
The rat bites you but does no damage.
The helpless Ijyb fails to defend herself.
You hit Ijyb.
Ijyb is severely wounded.
The rat bites you.
* * * LOW HITPOINT WARNING * * *
The helpless Ijyb fails to defend herself.
You hit Ijyb but do no damage.
Ijyb is severely wounded.
The rat closely misses you.
The helpless Ijyb fails to defend herself.
You hit Ijyb.
Ijyb is almost dead.
Ijyb is no longer paralysed.
The rat bites you but does no damage. Ijyb closely misses you.
Ijyb zaps a wand.
The bolt of dispelling energy hits you!
You die...

........ #...... #......
#...... ..... #.#####
... #.# ######.#
##.#####
#......#######...#..
#............#...#.#
#............#...#.#
#...@..............#
......rg............####
.......?########........
........# #........
.>......# #.#......
........# #.#.#....
......... #.#.#.###
......... #.#.#.# #.#.#


You could see Ijyb (blind) and a rat.

Vanquished Creatures
  2 adders
  A worm (D:2)
  2 dart slugs (D:2)
  3 ball pythons
  6 bats
  4 endoplasms
  2 giant cockroaches (D:2)
  6 goblins
  3 hobgoblins
  4 jackals (D:2)
  6 kobolds
  3 quokkas
  4 frilled lizards
  4 rats
50 creatures vanquished.

Notes
Turn   | Place    | Note
-------+----------+-------------------------------------------
     0 | D:1      | croobank the Demonspawn Conjurer began the quest for the
                  | Orb.
     0 | D:1      | Reached XP level 1. HP: 13/13 MP: 3/3
   277 | D:1      | Gained mutation: Spells you cast may paralyse adjacent
                  | enemies. [demonic ancestry]
   277 | D:1      | Reached XP level 2. HP: 19/19 MP: 3/5
   280 | D:1      | Learned a level 2 spell: Searing Ray
   691 | D:1      | Found a faded altar of an unknown god.
   995 | D:2      | Found a runed translucent door.
   996 | D:2      | Noticed Crazy Yiuf
  1035 | D:2      | Reached XP level 3. HP: 25/25 MP: 1/6
  1039 | D:2      | Learned a level 3 spell: Dazzling Flash
  1374 | D:2      | HP: 1/25 [worm (6)]
  1710 | D:2      | Found Myuti's Antique Armour Shoppe.
  1717 | D:2      | Reached skill level 1 in Fighting
  1722 | D:2      | Found a shimmering altar of Xom.
  1983 | D:2      | Reached XP level 4. HP: 29/32 MP: 1/7
  2420 | D:3      | Noticed Ijyb
  2437 | D:3      | Killed from afar by Ijyb

Illustrated notes

Levels and vault maps discovered:
D:1:      ebering_trefoil_twist, layout_loops_ring,
          ebering_ecumenical_altar_rust
D:2:      layout_rooms, serial_shops, shop, basic_altar, st_stairs_1,
          uniq_crazy_yiuf_cottage
D:3:      layout_basic, mainiacjoe_overflow_surrounded_room, uniq_ijyb,
          uniq_sigmund

Skill      XL: |  1  2  3 |
---------------+----------+-----
Stealth        | 2 |  2.5
Dodging        | 2 |  2.3
Fighting       | 1 |  1.2
Spellcasting   | |  2.5
Conjurations   | |  4.3

Action                   |  1- 3 |  4- 6 || total
-------------------------+-------+-------++-------
Melee: Spear             |    11 |       ||    11
       Short sword       |    31 |    13 ||    44
 Cast: Magic Dart        |    70 |    14 ||    84
       Searing Ray       |     1 |     1 ||     2
       Dazzling Flash    |       |     2 ||     2
  Use: Scroll            |       |     8 ||     8
       Potion            |       |     2 ||     2
 Stab: Paralysed         |    13 |     7 ||    20
       Sleeping          |     2 |     2 ||     4
Armor: Robe              |     3 |     3 ||     6
Dodge: Dodged            |    27 |     6 ||    33
